 Dungeon Crawl Stone Soup version 0.31.0-9-g3a7656b989 (webtiles) character file.

Game seed: 8090371934271341939

42 qw the Shooter (level 3, 0/20 HPs)
             Began as a Deep Elf Hunter on Feb 2, 2024.
             Slain by a kobold
             ... wielding a +1 whip of holy wrath
              (3 damage)
             ... on level 2 of the Dungeon.
             The game lasted 00:00:02 (856 turns).

qw the Shooter (Deep Elf Hunter)                     Turns: 856, Time: 00:00:03

Health: 0/20       AC:  5    Str: 10    XL:     3   Next: 33%
Magic:  5/5        EV: 11    Int: 13    God:
Gold:   45         SH:  0    Dex: 18    Spells: 2/2 levels left

rFire   . . .        a - +0 shortbow
rCold   . . .        (shield currently unavailable)
rNeg    . . .        j - +0 ring mail
rPois   .            (no helmet)
rElec   .            (no cloak)
rCorr   .            (no gloves)
SInv    .            (no boots)
Will    .....        (no amulet)
Stlth   +            (no ring)
HPRegen 0.23/turn    (no ring)
MPRegen 0.09/turn

%: no passive effects
@: no status effects
A: no striking features
a: no special abilities


You were on level 2 of the Dungeon.
You visited 1 branch of the dungeon, and saw 2 of its levels.

You collected 45 gold pieces.


   Skills:
 - Level 1.5 Fighting
 + Level 6.9 Ranged Weapons
 - Level 2.4 Dodging
 - Level 1.2 Stealth


You had 2 spell levels left.
You didn't know any spells.
Your spell library was empty.

Inventory:

Hand Weapons
 a - a +0 shortbow (weapon)
Armour
 j - a +0 ring mail (worn)
Scrolls
 b - a scroll of vulnerability {unknown}
 c - a scroll of identify
Potions
 f - a potion of curing
 i - a potion of brilliance {unknown}

Dungeon Overview and Level Annotations

Branches:
Dungeon (2/15)

Altars:

Shops:
D:1 =


Message History

Found a scale mail.
c - a scroll of identify You see here a book of Spatial Translocations.
There is an open door here.
A frilled lizard comes into view.
You shoot an arrow. The arrow hits the frilled lizard.
You kill the frilled lizard!
Found an escape hatch in the ceiling.
You open the door.
There is an open door here.
A giant cockroach comes into view.
You shoot an arrow. The arrow hits the giant cockroach.
The giant cockroach is moderately wounded.
You shoot an arrow. The arrow hits the giant cockroach.
You kill the giant cockroach!
A kobold and a goblin come into view.
The kobold is wielding a +1 whip of holy wrath.
The kobold shouts!
The goblin shouts!
You shoot an arrow. The arrow closely misses the kobold.
You shoot an arrow. The arrow barely misses the kobold.
The kobold barely misses you.
The kobold hits you with a +1 whip of holy wrath.
You shoot an arrow. The arrow barely misses the kobold.
The kobold barely misses you.
You shoot an arrow.
The arrow hits the kobold but does no damage.
The kobold barely misses you.
You shoot an arrow. The arrow closely misses the kobold.
The arrow closely misses the goblin.
The kobold hits you with a +1 whip of holy wrath.
You shoot an arrow.
The arrow hits the goblin but does no damage.
The kobold hits you with a +1 whip of holy wrath.
The goblin hits you but does no damage.
You shoot an arrow. The arrow hits the goblin.
The goblin is moderately wounded.
The kobold hits you with a +1 whip of holy wrath.
The goblin hits you with a +0 club. x2
The kobold hits you with a +1 whip of holy wrath.
You die...

#.##..#..#.## #..#
#....###..#.## ###..
###..#.....#.## #..##
#.#.###..#..#.## ###..#
#[..#..##.#..#.## #..###
##.###..##.#..#.#####..#
#:.#..#####.#..#.##..###
#.###..#.g##.#..#.##..#
#.#..###@K.##.#..#..###
####..#..#..##.#.%...#
#..###.## ..##.#..###
###..#..# ..##.#..#
#..###.## ..##..##
#...'..# ..##.+ ##.#####
# ### #...# ###.#


You could see a goblin and a kobold.

Vanquished Creatures
  A dart slug (D:1)
  4 bats
  2 endoplasms (D:1)
  3 giant cockroaches
  2 goblins (D:1)
  A hobgoblin (D:1)
  4 jackals (D:1)
  6 kobolds (D:1)
  2 quokkas (D:1)
  4 ball pythons (D:1)
  3 frilled lizards
  3 rats
35 creatures vanquished.

Notes
Turn   | Place    | Note
-------+----------+-------------------------------------------
     0 | D:1      | qw the Deep Elf Hunter began the quest for the Orb.
     0 | D:1      | Reached XP level 1. HP: 12/12 MP: 3/3
     0 | D:1      | 0 ||| qw: Version: 0.3-a-155-g5e7d8dd
     0 | D:1      | 0 ||| qw: Game counter: 2643
     0 | D:1      | 0 ||| qw: Melee chars always use a shield: true
     0 | D:1      | 0 ||| qw: God list: Okawaru
     0 | D:1      | 0 ||| qw: Allow faded altars: false
     0 | D:1      | 0 ||| qw: Do Orc after clearing Dungeon:15 true
     0 | D:1      | 0 ||| qw: Do second Lair branch before Depths: true
     0 | D:1      | 0 ||| qw: Lair rune preference: random
     0 | D:1      | 0 ||| qw: Goals: Normal
     0 | D:1      | 0 ||| PLANNING D:1-11
   101 | D:1      | Found Ziramiv's Jewellery Boutique.
   110 | D:1      | 110 ||| SHOPLISTING amulet of faith (440 gold, have 14).
   110 | D:1      | 110 ||| SHOPLISTING amulet of guardian spirit (330 gold,
                  | have 14).
   110 | D:1      | 110 ||| SHOPLISTING amulet of the acrobat (330 gold, have
                  | 14).
   110 | D:1      | 110 ||| SHOPLISTING ring of protection from cold (275 gold,
                  | have 14).
   110 | D:1      | 110 ||| SHOPLISTING ring of resist corrosion (220 gold,
                  | have 14).
   110 | D:1      | 110 ||| SHOPLISTING ring of see invisible (165 gold, have
                  | 14).
   134 | D:1      | Reached skill level 6 in Ranged Weapons
   134 | D:1      | Reached XP level 2. HP: 16/16 MP: 4/4
   360 | D:1      | Reached XP level 3. HP: 20/20 MP: 5/5
   699 | D:1      | 699 ||| UPGRADING to +0 ring mail.
   709 | D:1      | 709 ||| DROPPING +0 leather armour.
   710 | D:1      | 710 ||| READING scroll labelled DEHEDDETRIEN.
   711 | D:1      | 711 ||| READING scroll labelled ESUMEPLEZAAW.
   714 | D:1      | 714 ||| READING scroll labelled FUFYOLUUHI.
   715 | D:1      | 715 ||| READING scroll labelled MIASHRI HIRO.
   715 | D:1      | 715 ||| IDENTIFYING blue potion
   716 | D:1      | 716 ||| DROPPING scroll of butterflies.
   856 | D:2      | HP: 3/20 [goblin/+0 club (3)]
   856 | D:2      | Slain by a kobold

Levels and vault maps discovered:
D:1:      mrwooster_arrival_arrow, layout_loops_ring, serial_shops, shop
D:2:      minmay_razor_zed, layout_loops_ring, nicolae_figureground_pulse

Skill      XL: |  1 |
---------------+----+-----
Ranged Weapons | 6 |  6.9
Fighting       | |  1.5
Dodging        | |  2.4
Stealth        | |  1.2

Action                     || total
---------------------------++-------
   Fire: Shortbow          ||    81
    Use: Scroll            ||     4
 Armour: Leather armour    ||    15
         Ring mail         ||    10
  Dodge: Dodged            ||    16

Table legend:
 A = Non-vault XP
 B = Vault XP
 C = Vault XP percentage of total XP
 D = Non-vault monster count
 E = Vault monster count
 F = Vault count percentage of total count
                 A         B        C        D         E       F
            +---------+---------+-------+---------+---------+-------
      Total |      57 |       3 |   5.0 |      33 |       2 |   5.7
            +---------+---------+-------+---------+---------+-------
        D:1 |      53 |       0 |   0.0 |      30 |       0 |   0.0
        D:2 |       4 |       3 |  42.9 |       3 |       2 |  40.0
            +---------+---------+-------+---------+---------+-------
